 Dungeon Crawl Stone Soup version 0.30-a0-210-g01b79a254e (webtiles) character file.

Game seed: 5185891721237948151

18767 LnG the Unseen (level 12, -4/68 HPs)
             Began as a Kobold Summoner on Oct 4, 2022.
             Was an Elder of Dithmenos.
             Slain by a shadow wraith (19 damage)
             ... on level 13 of the Dungeon.
             The game lasted 00:54:11 (17787 turns).

LnG the Unseen (Kobold Summoner)                   Turns: 17787, Time: 00:54:11

Health: -4/68      AC:  7    Str:  5    XL:     12   Next: 99%
Magic:  26/31      EV: 18    Int: 21    God:    Dithmenos [****..]
Gold:   990        SH:  0    Dex: 16    Spells: 12/25 levels left

rFire   + . .      SeeInvis .    B - +7 dagger "Muplianwok" {speed, rF+ rC+ Will+}
rCold   + + .      Faith    .    (no shield)
rNeg    + . .      Spirit   .    q - +2 robe {rC+}
rPois   .          Reflect  .    (no helmet)
rElec   .          Harm     .    (no cloak)
rCorr   .          Rampage  .    P - +2 pair of gloves
Will    +....                    (no boots) Stlth ***+++++++
                                 o - amulet of the acrobat
HPRegen 0.31/turn                f - ring of positive energy
MPRegen 0.22/turn                y - ring of magical power

@: slowed, wreathed by umbra, very slow
A: small, no large weapons, nightstalker 3
a: Renounce Religion, Shadow Step


You were on level 13 of the Dungeon.
You worshipped Dithmenos.
Dithmenos was greatly pleased with you.
You visited 2 branches of the dungeon, and saw 14 of its levels.
You also visited: Ossuary.

You collected 1172 gold pieces.
You spent 182 gold pieces at shops.

Inventory:

Hand Weapons
 c - a +4 dagger of venom
 g - the +7 whip of Mana {vorpal, rElec Stlth+}
   (You found it on level 12 of the Dungeon)

   It inflicts extra damage upon your enemies.
   rElec:     It insulates you from electricity.
   Stlth:     It makes you more stealthy.
 B - the +7 dagger "Muplianwok" (weapon) {speed, rF+ rC+ Will+}
   (You bought it in a shop on level 1 of the Dungeon)

   Attacks with this weapon are significantly faster.
   rF:        It protects you from fire.
   rC:        It protects you from cold.
   Will:      It increases your willpower.
Missiles
 E - 5 throwing nets
Armour
 q - a +2 robe of cold resistance (worn)
 P - a +2 pair of gloves (worn)
Jewellery
 f - a ring of positive energy (left hand)
 h - an amulet of guardian spirit
 j - an amulet of reflection
 o - an amulet of the acrobat (around neck)
 y - a ring of magical power (right hand)
 z - a ring of resist corrosion
 F - a +6 ring of dexterity
 M - an amulet of regeneration
 Q - a +4 ring of protection
 R - a ring of magical power
Wands
 p - a wand of roots (18)
 D - a wand of acid (11)
 G - a wand of flame (5)
 I - a wand of paralysis (11)
 K - a wand of polymorph (10)
 N - a wand of digging (5)
Scrolls
 i - 3 scrolls of butterflies
 s - 8 scrolls of amnesia
 v - 2 scrolls of poison
 w - a scroll of teleportation
 x - 2 scrolls of enchant armour
 A - a scroll of magic mapping
 C - 2 scrolls of immolation
 H - a scroll of summoning
 J - a scroll of vulnerability
 L - a scroll of enchant weapon
Potions
 a - 3 potions of heal wounds
 b - 4 potions of magic
 e - a potion of brilliance {unknown}
 k - 3 potions of curing
 l - 3 potions of might {unknown}
 m - 3 potions of lignification {unknown}
 n - 2 potions of mutation {unknown}
 r - a potion of flight {unknown}
 t - a potion of haste {unknown}
 u - 2 potions of resistance {unknown}
 O - a potion of experience {unknown}


   Skills:
 + Level 5.1 Fighting
 + Level 9.9 Short Blades
 + Level 7.1 Dodging
 * Level 20.1 Stealth
 + Level 7.3 Spellcasting
 + Level 8.0 Summonings
 + Level 0.2 Air Magic


You had 12 spell levels left.
You knew the following spells:

 Your Spells              Type           Power      Damage    Failure   Level
a - Summon Small Mammal   Summ           100%       N/A       1%          1
b - Call Imp              Summ           41%        N/A       1%          2
c - Call Canine Familiar  Summ           41%        N/A       1%          3
d - Summon Guardian Gole  Hex/Summ       24%        N/A       4%          3
e - Summon Lightning Spi  Summ/Air       25%        N/A       16%         4

Your spell library contained the following spells:

 Spells                   Type           Power      Damage    Failure   Level
 Apportation              Tloc           14%        N/A       9%          1
 Necrotise                Necr           28%        1d5       9%          1
 Static Discharge         Conj/Air       16%        2-3/arc   12%         2
 Cigotuvi's Dreadful Rot  Necr/Pois/Air  16%        N/A       13%         2
 Vhi's Electric Charge    Tloc/Air       16%        N/A       24%         3
 Dispel Undead            Necr           7%         3d8       65%         4
 Arcjolt                  Conj/Air       4%         1d14      92%         5
 Lightning Bolt           Conj/Air       4%         1d15      92%         5
 Death Channel            Necr           3%         N/A       100%        6


Dungeon Overview and Level Annotations

Branches:
Dungeon (13/15)            Temple (1/1) D:7            Lair (0/5) D:9
    Orc (0/2) D:10        Ossuary (visited)
 Vaults: D:13-14

Altars:
Ashenzari
Cheibriados
Dithmenos
Elyvilon
Fedhas
Gozag
Hepliaklqana
Kikubaaqudgha
Makhleb
Nemelex Xobeh
Okawaru
Qazlal
Ru
Sif Muna
Trog
Uskayaw
Vehumet
Wu Jian
Xom
Yredelemnul
Zin
The Shining One

Shops:
D:1 ((?   D:7 :

Annotations:
D:5 Pikel
D:7 Maggie


Innate Abilities, Weirdness & Mutations

You are small and have problems with some larger weapons.
You are completely attuned to the shadows.


Message History

You hit the troll.
The troll is moderately wounded.
You hit the troll.
The troll is heavily wounded.
Your wolf bites something but does no damage.
You completely miss the troll.
The troll is heavily wounded.
The troll bites you. The troll misses you. The troll barely misses you.
Something hits you!
* * * LOW HITPOINT WARNING * * *
Something drains your vigour!
You feel yourself slow down.
As you read the scroll of summoning, it crumbles to dust.
Wisps of shadow whirl around you...
Your wolf bites something but does no damage.
Your wolf bites something.
The troll closely misses you. The troll claws you.
* * * LOW HITPOINT WARNING * * *
The troll misses you. Something hits you but does no damage.
Your wolf bites something.
Blink to where?
Press: ? - help, Dir - move target
As you read the scroll of blinking, it crumbles to dust.
The troll bites your troll. The troll claws your troll!
The troll barely misses your troll.
Your two-headed ogre closely misses the troll.
Your two-headed ogre hits the troll with a +0 giant spiked club!!
The troll dies!
Dithmenos accepts your kill.
You swap places.
Your wolf closely misses something.
You hit something.
Your wolf bites something but does no damage.
Something closely misses you.
You hit something.
Your wolf bites something.
You miss something.
Your wolf bites something.
Something hits you.
* * * LOW HITPOINT WARNING * * *
Something drains your vigour!
You feel as though you will be slow longer.
You feel better.
Your wolf bites something but does no damage.
Your wolf barely misses something.
Something hits you!!
You die...

#.####### #.# #.# #.# #.#
#.# #.# ##.######
########T@)h<)8#
.#####.....##..O###h#
.....#.....#.....##.#
####.#...........##.######
#..........##..#......y..#
#.##.#.....##..####.####.#
###.##.########.......#
#.# .......# ##'###### #.#
##.....# ##...## #y#


You could see a friendly two-headed ogre (summoned), a friendly troll (summoned)
and a friendly wolf (summoned).

Vanquished Creatures
  Harold (D:11)
  Erica (D:11)
  3 two-headed ogres
  2 boulder beetles
  2 centaur warriors
  Lodul (D:12)
  A deep elf pyromancer (D:12)
  An ugly thing (D:11)
  A cyclops (D:12)
  A manticore (D:13)
  Joseph (D:7)
  A gargoyle (D:12)
  An unseen horror (D:12)
  Psyche (D:10)
  2 trolls (D:12)
  2 shadows
  5 wyverns
  A vampire (D:12)
  A wraith (D:13)
  3 vampire mosquitoes
  8 yaks
  A warg (D:10)
  An acid dragon (D:10)
  3 ice beasts
  2 black bears (D:6)
  3 orc warriors
  11 ogres
  9 centaurs
  2 lemures (D:5)
  2 kobold brigands
  A bullfrog (D:8)
  A necrophage (D:5)
  4 scorpions
  2 gnoll sergeants
  7 wights
  4 killer bees
  A nameless horror (D:2)
  An electric eel (D:6)
  3 howler monkeys
  2 hounds
  4 jellies
  4 orc priests
  5 iguanas
  10 orc wizards
  13 mummies
  10 gnolls
  7 adders
  A shadow imp (D:5)
  A white imp (D:7)
  3 worms
  2 dart slugs (D:5)
  20 orcs
  6 bats
  5 endoplasms
  4 giant cockroaches
  21 goblins
  20 hobgoblins
  8 jackals
  3 quokkas
  5 ball pythons
  3 frilled lizards (D:1)
  A hobgoblin zombie (D:5)
  11 kobolds
  3 kobold skeletons (Ossuary)
  A kobold zombie (D:5)
  5 orc skeletons (Ossuary)
  2 orc zombies (D:5)
  3 rats
  9 rat skeletons (Ossuary)
  A spectral hobgoblin (D:9)
291 creatures vanquished.

Vanquished Creatures (collateral kills)
  A two-headed ogre (D:12)
  3 trolls
  A yak (D:10)
  A warg (D:10)
  A phantom (D:4)
  A wight (D:6)
  2 iguanas
  2 mummies (Ossuary)
  4 gnolls (D:6)
  2 adders (D:2)
  An orc (D:7)
  An endoplasm (D:2)
  7 goblins (D:6)
  8 hobgoblins
  3 kobolds
  A frilled lizard (D:2)
  A rat (D:1)
  2 rat skeletons (Ossuary)
42 creatures vanquished.

Vanquished Creatures (others)
  An orc warrior (D:4)
  3 toadstools (D:2)
4 creatures vanquished.

Grand Total: 337 creatures vanquished

Notes
Turn   | Place    | Note
-------+----------+-------------------------------------------
     0 | D:1      | LnG the Kobold Summoner began the quest for the Orb.
     0 | D:1      | Reached XP level 1. HP: 10/10 MP: 3/3
    14 | D:1      | Found a faded altar of an unknown god.
   226 | D:1      | Found Ymoatir's Antique Weapon Shoppe.
   232 | D:1      | Reached XP level 2. HP: 15/15 MP: 5/5
   235 | D:1      | Learned a level 2 spell: Call Imp
   263 | D:1      | Found Uskoh's Antique Weapon Boutique.
   646 | D:1      | Found Yxuynky's Magic Scroll Emporium.
   941 | D:2      | Reached skill level 3 in Stealth
   941 | D:2      | Reached XP level 3. HP: 17/19 MP: 3/6
   945 | D:2      | Learned a level 3 spell: Call Canine Familiar
   986 | D:2      | Reached skill level 1 in Short Blades
  1196 | D:2      | Noticed a nameless horror
  1377 | D:2      | Reached XP level 4. HP: 23/24 MP: 4/7
  1558 | D:2      | Reached skill level 4 in Stealth
  1701 | D:3      | You fall into a shaft and drop 3 floors!
  1759 | D:6      | Noticed an ogre
  1772 | D:6      | Found a radiant altar of Vehumet.
  1773 | D:6      | Noticed an ice beast
  1786 | D:6      | Noticed a black bear
  1789 | D:6      | Noticed an ice beast
  1858 | D:5      | Entered Level 5 of the Dungeon
  2163 | D:5      | Noticed a necrophage
  2171 | D:5      | Killed a necrophage
  2172 | D:5      | Reached skill level 5 in Stealth
  2172 | D:5      | Reached XP level 5. HP: 28/28 MP: 4/8
  2182 | D:5      | Noticed a centaur
  2186 | D:5      | Killed a centaur
  2187 | D:5      | Reached skill level 6 in Stealth
  2187 | D:5      | Reached XP level 6. HP: 33/33 MP: 6/10
  2343 | D:4      | Found a sand-covered staircase.
  2362 | Ossuary  | Entered an ossuary
  2465 | Ossuary  | Reached skill level 7 in Stealth
  2613 | Ossuary  | Reached XP level 7. HP: 37/37 MP: 11/11
  3082 | D:4      | Reached skill level 1 in Fighting
  3082 | D:4      | Reached skill level 8 in Stealth
  3454 | D:3      | Found a sparkling altar of Nemelex Xobeh.
  3752 | D:3      | Found an iron altar of Okawaru.
  4319 | D:1      | Bought a crude dagger for 182 gold pieces
  4319 | D:1      | Identified the +7 dagger "Muplianwok" {speed, rF+ rC+
                  | Will+} (You bought it in a shop on level 1 of the Dungeon)
  4417 | D:4      | Found a broken altar of Ashenzari.
  4572 | D:4      | Learned a level 3 spell: Summon Guardian Golem
  4624 | D:4      | Found a basalt altar of Yredelemnul.
  4819 | D:4      | Reached XP level 8. HP: 40/43 MP: 12/12
  5045 | D:4      | Reached skill level 9 in Stealth
  5183 | D:4      | Reached skill level 5 in Summonings
  5566 | D:4      | Found a white marble altar of Elyvilon.
  5831 | D:5      | Reached skill level 5 in Short Blades
  5972 | D:5      | Noticed Pikel
  6278 | D:5      | Reached skill level 10 in Stealth
  6936 | D:6      | Reached XP level 9. HP: 48/48 MP: 14/14
  6941 | D:6      | Learned a level 4 spell: Summon Lightning Spire
  7016 | D:6      | Reached skill level 11 in Stealth
  7026 | D:6      | Found a shadowy altar of Dithmenos.
  7155 | D:6      | Became a worshipper of Dithmenos the Shadowed
  7255 | D:6      | Reached skill level 12 in Stealth
  7622 | D:6      | Reached * piety under Dithmenos
  7858 | D:6      | Reached ** piety under Dithmenos
  8184 | D:7      | Noticed Maggie
  8219 | D:7      | Found Keinummao's Book Emporium.
  8383 | D:7      | Found a stormy altar of Qazlal.
  8468 | D:7      | Found a staircase to the Ecumenical Temple.
  8476 | Temple   | Entered the Ecumenical Temple
  8689 | D:7      | Reached skill level 13 in Stealth
  9106 | D:7      | Noticed Joseph
  9109 | D:7      | Killed Joseph
  9110 | D:7      | Reached XP level 10. HP: 55/55 MP: 16/16
  9139 | D:7      | Found a hide-covered altar of Uskayaw.
  9736 | D:8      | Reached skill level 14 in Stealth
 10563 | D:9      | Reached skill level 5 in Dodging
 10901 | D:9      | Noticed a two-headed ogre
 11106 | D:9      | Reached skill level 5 in Spellcasting
 11111 | D:9      | Reached skill level 15 in Stealth
 11208 | D:9      | Found a shimmering blue altar of Sif Muna.
 11268 | D:9      | Reached *** piety under Dithmenos
 11867 | D:9      | Found a staircase to the Lair.
 11996 | D:9      | Found a hazy altar of Hepliaklqana.
 12101 | D:10     | Entered Level 10 of the Dungeon
 12107 | D:10     | Reached XP level 11. HP: 60/60 MP: 18/18
 12182 | D:10     | Noticed a two-headed ogre
 12186 | D:10     | Killed a two-headed ogre
 12187 | D:10     | Reached skill level 16 in Stealth
 12282 | D:10     | Found a staircase to the Orcish Mines.
 12290 | D:10     | Noticed a two-headed ogre
 12294 | D:10     | Killed a two-headed ogre
 12295 | D:10     | Reached skill level 17 in Stealth
 12843 | D:10     | Found a bloodstained altar of Trog.
 12875 | D:10     | Found a shimmering altar of Xom.
 12890 | D:10     | Noticed Psyche
 13044 | D:9      | Killed a two-headed ogre
 13287 | D:10     | Killed Psyche
 13288 | D:10     | Reached skill level 18 in Stealth
 13381 | D:10     | HP: 2/60 [orc priest/divine providence (15)]
 13669 | D:11     | Noticed a green ugly thing
 13672 | D:11     | Killed a green ugly thing
 13714 | D:11     | Noticed Erica
 13877 | D:11     | Noticed Harold
 13881 | D:11     | Killed Harold
 14103 | D:11     | Identified the +6 falchion of Boel {chaos, +Blink rElec
                  | rPois rF-}
 14557 | D:11     | Killed Erica
 14558 | D:11     | Reached XP level 12. HP: 15/66 MP: 21/21
 15235 | D:12     | Reached skill level 19 in Stealth
 15538 | D:12     | Noticed a boulder beetle
 15557 | D:12     | Killed a boulder beetle
 15679 | D:12     | Noticed Lodul
 15682 | D:12     | Reached **** piety under Dithmenos
 15703 | D:12     | Killed Lodul
 15933 | D:12     | Identified the +7 whip of Mana {vorpal, rElec Stlth+}
 16970 | D:13     | Noticed a centaur warrior
 16974 | D:13     | Noticed a boulder beetle
 16976 | D:13     | Killed a centaur warrior
 16982 | D:13     | Noticed a centaur warrior
 17100 | D:12     | Killed a centaur warrior
 17403 | D:13     | Killed a boulder beetle
 17518 | D:13     | Reached skill level 5 in Fighting
 17520 | D:13     | Noticed a two-headed ogre
 17532 | D:12     | Killed a two-headed ogre
 17533 | D:12     | Reached skill level 20 in Stealth
 17787 | D:13     | Slain by a shadow wraith

Illustrated notes

Levels and vault maps discovered:
D:1:      dpeg_arrival_fog, layout_basic,
          chequers_ecumenical_altar_simple_redux, serial_shops,
          nicolae_diamond_shop, shop_scrolls, shop, minmay_misc_feat_doors
D:2:      layout_loops_ring, minmay_gold_behind_fungi, minmay_misc_feat_room
D:3:      layout_basic, overflow_temple_1_default,
          mainiacjoe_overflow_cross_hatched
D:4:      minmay_diamond_boxcup, layout_loops_ring, kennysheep_ying_yang,
          evilmike_ruin_ashenzari, gup_ossuary_entry_pyramid,
          kennysheep_opposing_triangles
D:5:      layout_layer_cave, minmay_mini_ossuary, uniq_pikel
D:6:      minmay_goblin_kobold_castle, layout_cave_pools,
          nicolae_overflow_crystal_walls, vehumet_crystals, grunt_decor_fettered
D:7:      layout_basic, mainiacjoe_overflow_small_starburst,
          mainiacjoe_overflow_concentric_impassable, minmay_temple_entry_ruins,
          serial_shops, shop_statue, st_stairs_5,
          amcnicky_mini_rare_corridor_liquid, uniq_maggie, uniq_joseph
D:8:      layout_loops_ring, minmay_misc_feat_encased, kennysheep_dice
D:9:      layout_irregular_city, nicolae_hepliaklqana_monster_ancestors,
          mainiacjoe_overflow_alcove_2, lair_entry_dummy,
          minmay_misc_feat_plants, nrook_loot_triangle
D:10:     layout_roguey, mainiacjoe_overflow_large_starburst,
          david_orc_1_choice, uniq_psyche
D:11:     layout_rooms, minivault_27, uniq_harold, uniq_erica
D:12:     layout_stronghold, uniq_lodul
D:13:     layout_loops_corners, david_vaults_4, grunt_decor_cap
Temple:   chequers_temple_sunken

Skill      XL: |  1  2  3  4  5  6  7  8  9 10 11 12 |
---------------+-------------------------------------+-----
Stealth        | 3 5 6 7 8 10 13 15 18 20 | 20.1
Short Blades   | 1 2 3 4 5 7 8 9 |  9.9
Dodging        | 3 4 5 7 |  7.1
Fighting       | 1 2 3 4 5 |  5.1
Spellcasting   | 3 4 5 6 7 |  7.3
Summonings     | 5 6 7 8 |  8.0
Air Magic      | |  0.2

Action                   |  1- 3 |  4- 6 |  7- 9 | 10-12 || total
-------------------------+-------+-------+-------+-------++-------
Melee: Dagger            |    50 |   101 |   313 |   525 ||   989
       Punch             |       |     3 |     4 |     5 ||    12
 Cast: Summon Small Mamm |     2 |     3 |     5 |     2 ||    12
       Call Imp          |     6 |     3 |     9 |    13 ||    31
       Call Canine Famil |       |     4 |    21 |    39 ||    64
       Summon Guardian G |       |       |     1 |       ||     1
       Summon Lightning  |       |       |       |     3 ||     3
  Use: Scroll            |     2 |     7 |     9 |    18 ||    36
       Potion            |       |       |     1 |    10 ||    11
 Stab: Sleeping          |    19 |    17 |    48 |    62 ||   146
       Distracted        |       |     2 |     3 |     8 ||    13
       Invisible         |       |       |       |     1 ||     1
Armor: Robe              |     8 |     2 |    13 |    42 ||    65
Dodge: Dodged            |    38 |    38 |   157 |   376 ||   609

Table legend: (Time is in decaauts)
 A = Elapsed time spent in this place.
 B = Non-inter-level travel time spent in this place.
 C = Inter-level travel time spent in this place.
 D = Time resting spent in this place.
 E = Time spent auto-exploring this place.
 F = Levels seen in this place.
 G = Mean time per level.
                   A        B        C        D        E       F      G
               +--------+--------+--------+--------+--------+-----+--------+
         Total |  17387 |  16846 |    541 |   2810 |   8890 |  15 | 1159.1 |
       Dungeon |  16633 |  16105 |    528 |   2678 |   8625 |  13 | 1279.5 |
        Temple |    244 |    231 |     13 |      0 |    222 |   1 |  244.0 |
       Ossuary |    510 |    510 |      0 |    132 |     43 |   1 |  510.0 |
               +--------+--------+--------+--------+--------+-----+--------+

Top non-repeatable levels by time:
    D:12: 2099 daAuts
     D:9: 1729 daAuts
     D:6: 1556 daAuts
     D:5: 1528 daAuts
     D:4: 1512 daAuts
    D:10: 1435 daAuts
    D:11: 1195 daAuts
     D:2: 1132 daAuts
     D:8: 1123 daAuts
     D:1: 961 daAuts
     D:7: 911 daAuts
     D:3: 871 daAuts
    D:13: 576 daAuts
 Ossuary: 510 daAuts
  Temple: 244 daAuts
